[Event "Titled Tuesday Blitz July 4 Early 2023"]
[White "Suyarov, Mukhammadzokhid"]
[Black "Nguyen, Ngoc Truong Son"]
[WhiteFideId "14210495"]
[BlackFideId "12401110"]
[WhiteElo "2712"]
[BlackElo "2910"]
[Result "0-1"]
[Round "6"]
[TimeControl "180+2"]
[Date "2023.07.04"]
[WhiteClock "0:00:00"]
[BlackClock "0:00:13"]
[Board "21"]

1. d4 Nf6 2. Nc3 d5 3. Bf4 Bf5 4. f3 e6 5. g4 Bg6 6. h4 h6 7. e3 a6 8. Bd3 Bxd3 9. Qxd3 c5 10. Nge2 Nc6 11. O-O-O c4 12. Qd2 b5 13. g5 Nd7 14. e4 b4 15. Na4 Qa5 16. b3 Rc8 17. Kb1 Qb5 18. Qe3 Be7 19. gxh6 gxh6 20. exd5 Qxd5 21. Bxh6 Na7 22. Nf4 Qf5 23. Bg7 Nb5 24. Qe4 Qxe4 25. fxe4 Rg8 26. Nh5 Na3+ 27. Ka1 Nxc2+ 28. Kb2 Ne3 29. Rde1 c3+ 30. Kc1 Ng4 31. Rhg1 Bxh4 32. Ref1 Bg5+ 33. Kb1 c2+ 34. Kb2 c1=Q+ 35. Rxc1 Bxc1+ 36. Kb1 Ba3 37. Nc5 Nxc5 38. dxc5 Rxc5 39. e5 f5 40. Bf6 Kf7 41. Rd1 Nxf6 0-1


[Site "https://www.chess.com"]

[Event "Titled Tuesday Blitz July 4 Early 2023"]
[White "Grandelius, Nils"]
[Black "Czopor, Maciej"]
[WhiteFideId "1710400"]
[BlackFideId "21805431"]
[WhiteElo "2906"]
[BlackElo "2709"]
[Result "1-0"]
[Round "6"]
[TimeControl "180+2"]
[Date "2023.07.04"]
[WhiteClock "0:00:11"]
[BlackClock "0:00:02"]
[Board "22"]

1. Nf3 c5 2. e3 Nc6 3. d4 cxd4 4. exd4 d5 5. h3 Qc7 6. c4 Nf6 7. Nc3 dxc4 8. Bxc4 e6 9. O-O Be7 10. Qe2 O-O 11. a3 a6 12. Ba2 Rd8 13. Rd1 h6 14. Be3 Bd7 15. d5 exd5 16. Nxd5 Nxd5 17. Bxd5 Be8 18. Qc4 Rac8 19. Qg4 Kh8 20. Qh5 Bf8 21. Ng5 Rxd5 22. Rxd5 f6 23. Ne6 Bxh5 24. Nxc7 Bf7 25. Rd7 Ne5 26. Rxf7 Nxf7 27. Ne6 Kg8 28. Rd1 Bd6 29. g3 Re8 30. Nd4 Bc5 31. Rc1 Bxd4 32. Bxd4 Re7 33. Rc8+ Kh7 34. Kf1 Rd7 35. Bb6 Ne5 36. Ke2 Kg6 37. a4 Kf5 38. g4+ Ke6 39. Be3 Nc6 40. h4 f5 41. g5 hxg5 42. hxg5 Ke5 43. Re8+ Kd6 44. Kf3 Re7 45. Rg8 Ne5+ 46. Kg2 Ng4 47. Bf4+ Kd7 48. f3 Ne3+ 49. Bxe3 Rxe3 50. Rxg7+ Kc6 51. Kg3 Rb3 52. g6 Rxb2 53. Rf7 Rb1 54. Kf4 b5 55. axb5+ axb5 56. Kxf5 b4 57. Rf8 b3 58. g7 Rf1 59. g8=Q Rxf3+ 60. Ke4 Rxf8 61. Qxf8 Kb5 62. Qb8+ Ka4 63. Kd3 Ka3 64. Kc3 1-0


[Site "https://www.chess.com"]

[Event "Titled Tuesday Blitz July 4 Early 2023"]
[White "Goryachkina, Aleksandra"]
[Black "Dardha, Daniel"]
[WhiteFideId "4147103"]
[BlackFideId "240990"]
[WhiteElo "2707"]
[BlackElo "2905"]
[Result "1-0"]
[Round "6"]
[TimeControl "180+2"]
[Date "2023.07.04"]
[WhiteClock "0:00:40"]
[BlackClock "0:01:11"]
[Board "23"]

1. e4 g6 2. Nf3 a5 3. d4 a4 4. Bd3 Bg7 5. O-O d6 6. c3 Nc6 7. Re1 Bd7 8. Nbd2 e5 9. Bb5 exd4 10. Bxc6 bxc6 11. e5 Ne7 12. exd6 cxd6 13. Nc4 Be6 14. Bg5 c5 15. cxd4 d5 16. Nce5 O-O 17. Nc6 Nxc6 18. Bxd8 Rfxd8 19. dxc5 Bxb2 20. Rb1 a3 21. Qd2 d4 22. Qh6 Bxa2 23. Ng5 d3 24. Qxh7+ Kf8 25. Rxb2 Ne5 26. Qh8+ Ke7 27. Qxe5+ Be6 28. Nxe6 axb2 29. Nxd8+ Kxd8 30. Qd6+ Kc8 31. Re8+ 1-0


[Site "https://www.chess.com"]

[Event "Titled Tuesday Blitz July 4 Early 2023"]
[White "Aravindh, Chithambaram VR."]
[Black "Fromm, Marius"]
[WhiteFideId "5072786"]
[BlackFideId "12993190"]
[WhiteElo "2901"]
[BlackElo "2695"]
[Result "1-0"]
[Round "6"]
[TimeControl "180+2"]
[Date "2023.07.04"]
[WhiteClock "0:00:04"]
[BlackClock "0:00:02"]
[Board "24"]

1. b3 e5 2. Bb2 Nc6 3. e3 Nf6 4. Nf3 e4 5. Nd4 Nxd4 6. Bxd4 d5 7. c4 dxc4 8. Bxc4 Bd6 9. Nc3 Bf5 10. f3 O-O 11. fxe4 Nxe4 12. Nxe4 Bxe4 13. Qg4 Bg6 14. h4 Qc8 15. Qf3 Bf5 16. O-O Be6 17. Bd3 Qd8 18. Qh5 f5 19. Rf3 c5 20. Bc3 Qe8 21. Qg5 Qg6 22. Raf1 Qxg5 23. hxg5 g6 24. Bf6 Rae8 25. Kf2 Be7 26. Bxe7 Rxe7 27. Ke2 Rd8 28. Bc4 Bxc4+ 29. bxc4 Red7 30. Rd1 a6 31. Rf4 b5 32. cxb5 axb5 33. g4 fxg4 34. Rxg4 Ra8 35. Re4 Rxa2 36. Re5 Rc2 37. e4 b4 38. Ke3 b3 39. d3 b2 40. Re8+ Kg7 41. Rb1 Rb7 42. Rc8 Rc1 43. Rxb2 Rxb2 44. Rc7+ Kg8 45. Kf4 Rb6 46. Ke5 Rf1 47. Rxc5 Rf8 48. Rc7 Re8+ 49. Kf4 Rd6 50. Ke3 Red8 51. Rc3 Kf7 52. Ke2 Ke6 53. Ke3 Ra6 54. d4 Ra5 55. Rc6+ Ke7 56. d5 Ra3+ 57. Kf4 Rf8+ 58. Ke5 Rd8 59. Rc7+ Rd7 60. Rc8 Rd8 61. Rc6 Rd7 62. Re6+ Kf7 63. Rf6+ Ke7 64. d6+ Ke8 65. Ke6 Ra6 66. e5 Rg7 67. Rf1 Ra8 68. Re1 Kf8 69. Rf1+ Ke8 70. Rc1 Rd8 71. Rb1 Rf7 72. Kd5 Rf5 73. Rb7 Rxg5 74. Rxh7 Rf5 75. Rh8+ Kd7 76. Rh7+ Ke8 77. Ke6 Rf8 78. Re7# 1-0


[Site "https://www.chess.com"]

[Event "Titled Tuesday Blitz July 4 Early 2023"]
[White "Koziorowicz, Michal"]
[Black "Erdogmus, Yagiz Kaan"]
[WhiteFideId "21809194"]
[BlackFideId "44599790"]
[WhiteElo "2681"]
[BlackElo "2901"]
[Result "1-0"]
[Round "6"]
[TimeControl "180+2"]
[Date "2023.07.04"]
[WhiteClock "0:00:35"]
[BlackClock "0:00:01"]
[Board "25"]

1. e4 c5 2. Nf3 d6 3. Bb5+ Nd7 4. d4 cxd4 5. Qxd4 a6 6. Bxd7+ Bxd7 7. Nc3 Rc8 8. O-O e5 9. Qd3 h6 10. Rd1 Nf6 11. Nd2 b5 12. a3 Be6 13. a4 b4 14. Nd5 Nxd5 15. exd5 Bg4 16. f3 Qb6+ 17. Kh1 Bd7 18. Nc4 Qc7 19. b3 a5 20. Be3 Rb8 21. f4 f6 22. fxe5 dxe5 23. Qg6+ Kd8 24. Qf7 Bf5 25. Qxc7+ Kxc7 26. Rd2 Ra8 27. d6+ Kc6 28. Rad1 Bg4 29. Rc1 Be6 30. c3 Kb7 31. cxb4 axb4 32. d7 Rd8 33. Na5+ Ka8 34. Rc6 Bxd7 35. Rxd7 Be7 36. Rxe7 Rd1+ 37. Bg1 1-0


[Site "https://www.chess.com"]

[Event "Titled Tuesday Blitz July 4 Early 2023"]
[White "Galchenko, Matvey"]
[Black "Taspinar, Yanki"]
[WhiteFideId "24175480"]
[BlackFideId "34561188"]
[WhiteElo "2878"]
[BlackElo "2674"]
[Result "1/2-1/2"]
[Round "6"]
[TimeControl "180+2"]
[Date "2023.07.04"]
[WhiteClock "0:00:08"]
[BlackClock "0:00:11"]
[Board "26"]

1. e4 e6 2. d4 d5 3. e5 c5 4. c3 Nc6 5. Nf3 Bd7 6. Be2 Rc8 7. O-O Qb6 8. dxc5 Bxc5 9. b4 Be7 10. Na3 a6 11. Re1 Nh6 12. Be3 Qd8 13. Nc2 Nf5 14. Bc1 h5 15. Bd3 Nh4 16. Nfd4 Nxd4 17. cxd4 Bb5 18. Bxb5+ axb5 19. Qd3 Qd7 20. Bd2 Nf5 21. Na3 Rc4 22. Nxc4 bxc4 23. Qc3 b5 24. a4 bxa4 25. b5 O-O 26. Reb1 Rb8 27. Rxa4 Rxb5 28. Ra8+ Kh7 29. Rba1 Rb3 30. Qc2 Rd3 31. Bc3 Qb5 32. h3 Qb3 33. Qxb3 cxb3 34. Rc8 Bg5 35. Rb1 h4 36. Kf1 Nxd4 37. Bxd4 Rxd4 38. Rxb3 Re4 39. Rc7 Kg6 40. Rbb7 Bd2 41. f3 Re1+ 42. Kf2 Rxe5 43. Rxf7 Be1+ 44. Kf1 Bg3 45. Rxg7+ Kh6 46. Rh7+ Kg6 47. Rhg7+ Kh6 48. Rh7+ Kg6 49. Rhg7+ 1/2-1/2


[Site "https://www.chess.com"]

[Event "Titled Tuesday Blitz July 4 Early 2023"]
[White "Ahmad, Khagan"]
[Black "Molina, Roberto Junio Brito"]
[WhiteFideId "13431552"]
[BlackFideId "2109450"]
[WhiteElo "2660"]
[BlackElo "2866"]
[Result "1/2-1/2"]
[Round "6"]
[TimeControl "180+2"]
[Date "2023.07.04"]
[WhiteClock "0:00:04"]
[BlackClock "0:00:38"]
[Board "27"]

1. e4 c6 2. d4 d5 3. Nc3 dxe4 4. Nxe4 Nd7 5. c3 Ngf6 6. Nxf6+ Nxf6 7. Nf3 Bg4 8. Be2 e6 9. h3 Bh5 10. O-O Be7 11. Ne5 Bxe2 12. Qxe2 O-O 13. Bg5 Nd5 14. Bxe7 Qxe7 15. Nd3 Rad8 16. Rad1 Qc7 17. c4 Nf4 18. Nxf4 Qxf4 19. Qe5 Qxe5 20. dxe5 Rfe8 21. Rd6 Rxd6 22. exd6 c5 23. b4 cxb4 24. a3 bxa3 25. Ra1 Rd8 26. c5 f6 27. Rxa3 a6 28. f4 Kf7 29. Rb3 Rd7 30. Kf2 f5 31. Ke3 Kf6 32. Kd4 h6 33. h4 g6 34. Kc4 e5 35. fxe5+ Kxe5 36. Re3+ Kf6 37. Kd5 f4 38. Re6+ Kf7 39. Re4 g5 40. hxg5 hxg5 41. c6 bxc6+ 42. Kxc6 Rd8 43. Kc7 Ra8 44. d7 Kf6 45. d8=Q+ Rxd8 46. Kxd8 Kf5 47. Ra4 g4 48. Ke7 f3 49. gxf3 gxf3 50. Rxa6 Ke4 51. Rf6 Ke3 52. Ke6 f2 53. Ke5 Ke2 54. Rxf2+ Kxf2 1/2-1/2


[Site "https://www.chess.com"]

[Event "Titled Tuesday Blitz July 4 Early 2023"]
[White "benny_aizenberg"]
[Black "Henriquez Villagra, Cristobal"]
[BlackFideId "3409350"]
[WhiteElo "2645"]
[BlackElo "2862"]
[Result "1-0"]
[Round "6"]
[TimeControl "180+2"]
[Date "2023.07.04"]
[WhiteClock "0:00:05"]
[BlackClock "0:00:09"]
[Board "28"]

1. c4 d6 2. d4 e5 3. Nc3 exd4 4. Qxd4 Nc6 5. Qd2 g6 6. b3 Bg7 7. Bb2 Nf6 8. Nf3 O-O 9. e3 a5 10. Bd3 Bg4 11. O-O Bxf3 12. gxf3 Ne5 13. Be2 g5 14. Kh1 Qd7 15. Rg1 Qf5 16. e4 Qf4 17. Qxf4 gxf4 18. Bc1 Ng6 19. Bd2 c6 20. Rad1 Rfd8 21. Bf1 Nd7 22. Ne2 Nde5 23. Bxf4 a4 24. Be3 axb3 25. axb3 Nxf3 26. Rg3 Nfh4 27. f4 f5 28. Bh3 Rf8 29. exf5 Nxf5 30. Bxf5 Rxf5 31. Rxd6 Re8 32. Kg2 Rf7 33. Kf2 Kh8 34. Rd3 Rfe7 35. Ng1 Nh4 36. Rh3 Nf5 37. Bc5 Rf7 38. Ne2 h6 39. Rhf3 Nh4 40. Rh3 Ng6 41. Rdf3 Kh7 42. f5 Ne5 43. Rf4 Bf8 44. Bd4 Bd6 45. Bxe5 Bxe5 46. Rff3 Ref8 47. Ng3 Ra8 48. Ne4 Ra2+ 49. Ke3 Rb2 50. Ng5+ Kg7 51. Nxf7 Kxf7 52. Ke4 Bg7 53. f6 Bf8 54. Kf5 Rd2 55. Rd3 Rf2+ 56. Rhf3 Rxh2 57. Rd7+ Ke8 58. Rxb7 1-0


[Site "https://www.chess.com"]

[Event "Titled Tuesday Blitz July 4 Early 2023"]
[White "Samadov, Read"]
[Black "Filgueira, Hernan"]
[WhiteFideId "13417444"]
[BlackFideId "101770"]
[WhiteElo "2857"]
[BlackElo "2620"]
[Result "1-0"]
[Round "6"]
[TimeControl "180+2"]
[Date "2023.07.04"]
[WhiteClock "0:00:41"]
[BlackClock "0:00:00"]
[Board "29"]

1. d4 d5 2. c4 c6 3. Nf3 Nf6 4. Nc3 dxc4 5. a4 Bf5 6. Ne5 Nbd7 7. Nxc4 Nb6 8. Ne5 a5 9. f3 Nfd7 10. Nxd7 Nxd7 11. e4 Bg6 12. Be2 e5 13. Be3 Qb6 14. O-O exd4 15. Bxd4 Bc5 16. Bxc5 Nxc5 17. Kh1 Rd8 18. Qc2 O-O 19. Bc4 Rd4 20. Ne2 Rd7 21. Nf4 Rfd8 22. Rad1 Kf8 23. h4 f6 24. Rxd7 Rxd7 25. Rc1 Qc7 26. Be6 1-0


[Site "https://www.chess.com"]

[Event "Titled Tuesday Blitz July 4 Early 2023"]
[White "Kosakowski, Jakub"]
[Black "MKlose11"]
[WhiteFideId "1185080"]
[WhiteElo "2853"]
[BlackElo "2619"]
[Result "0-1"]
[Round "6"]
[TimeControl "180+2"]
[Date "2023.07.04"]
[WhiteClock "0:00:02"]
[BlackClock "0:00:05"]
[Board "30"]

1. e4 e6 2. d4 d5 3. Nd2 Be7 4. Ngf3 Nf6 5. e5 Nfd7 6. Bd3 c5 7. c3 Nc6 8. O-O a5 9. Re1 cxd4 10. cxd4 Qb6 11. a3 Nxd4 12. Nxd4 Qxd4 13. Nf3 Qb6 14. Bg5 Qd8 15. Bxe7 Qxe7 16. Rc1 O-O 17. Rc7 h6 18. Qc2 Qd8 19. Rc1 b6 20. Qc6 Rb8 21. Bb5 Nc5 22. b4 axb4 23. axb4 Bb7 24. Qd6 Qxd6 25. exd6 Ne4 26. d7 Nd6 27. Bc6 Rfd8 28. Nd4 Kf8 29. b5 e5 30. Bxb7 Rxb7 31. Rxb7 Nxb7 32. Nc6 Rxd7 33. Nxe5 Rd8 34. Rc6 d4 35. Kf1 d3 36. Ke1 d2+ 37. Kd1 Nc5 38. Nf3 Ne4 39. Nxd2 Rxd2+ 40. Ke1 Rxf2 41. Rxb6 Rxg2 42. Rb8+ Ke7 43. b6 Nd6 44. Ra8 Rb2 45. Ra7+ Ke6 46. Ra6 f5 47. Kd1 g5 48. h3 g4 49. hxg4 fxg4 50. Ke1 h5 51. Kf1 h4 52. Ra4 Rxb6 53. Rxg4 Rb1+ 54. Kg2 Nf5 55. Rg8 Ke5 56. Kh3 Kf4 57. Rg4+ Ke5 58. Ra4 Rb3+ 59. Kh2 Re3 60. Ra5+ Kf4 61. Ra4+ Re4 62. Ra3 Kg4 63. Ra2 Ng3 64. Ra8 Re2+ 65. Kg1 Kh3 66. Ra2 Re1+ 67. Kf2 Rf1+ 68. Ke3 Rf6 69. Ra4 Re6+ 70. Kf3 Rf6+ 71. Ke3 Rf8 72. Rb4 Nf5+ 73. Kf2 Nd4+ 74. Kg1 Ne2+ 75. Kh1 Rf1# 0-1


[Site "https://www.chess.com"]

[Event "Titled Tuesday Blitz July 4 Early 2023"]
[White "Beerdsen, Thomas"]
[Black "Palczert, Matyas"]
[WhiteFideId "1030108"]
[BlackFideId "784958"]
[WhiteElo "2836"]
[BlackElo "2618"]
[Result "1-0"]
[Round "6"]
[TimeControl "180+2"]
[Date "2023.07.04"]
[WhiteClock "0:01:59"]
[BlackClock "0:00:01"]
[Board "31"]

1. e4 c5 2. Nf3 e6 3. d4 cxd4 4. Bg5 Qb6 5. Qxd4 Qxd4 6. Nxd4 a6 7. Nd2 b5 8. a4 b4 9. Nc4 Bb7 10. Nb6 Bc5 11. Nxa8 Bxd4 12. Nc7+ Kf8 13. O-O-O Be5 14. Bd8 Nf6 15. f3 Nc6 16. Bxf6 gxf6 17. Bxa6 Bxc7 18. Bxb7 Ke7 19. Bxc6 dxc6 20. b3 c5 21. Rd3 Bf4+ 22. Kb1 Be5 23. Rhd1 Ra8 24. Rd7+ Ke8 25. Rb7 Bd4 26. Rxb4 cxb4 27. Rxd4 Ke7 28. Rxb4 Rg8 29. Rb7+ Kd6 30. g3 h5 31. a5 h4 32. a6 hxg3 33. hxg3 Kc6 34. b4 Rxg3 35. b5+ Kc5 36. a7 Kb4 37. a8=Q Kc3 38. Qa5+ 1-0


[Site "https://www.chess.com"]

[Event "Titled Tuesday Blitz July 4 Early 2023"]
[White "Harshavardhan G B"]
[Black "Ismagilov, Damir"]
[WhiteFideId "25059009"]
[BlackFideId "34199982"]
[WhiteElo "2834"]
[BlackElo "2566"]
[Result "1-0"]
[Round "6"]
[TimeControl "180+2"]
[Date "2023.07.04"]
[WhiteClock "0:01:55"]
[BlackClock "0:00:05"]
[Board "32"]

1. e4 c5 2. Nf3 g6 3. d4 cxd4 4. Nxd4 Bg7 5. c4 Nc6 6. Be3 Nf6 7. Nc3 Ng4 8. Qxg4 Nxd4 9. Qd1 Ne6 10. Be2 O-O 11. O-O d6 12. Qd2 a5 13. f4 Nc5 14. Bf3 b6 15. e5 Bb7 16. Bxc5 Bxf3 17. Rxf3 dxc5 18. Rd3 Qc8 19. Rd1 f6 20. Rd7 fxe5 21. Qd5+ Kh8 22. fxe5 e6 23. Qxe6 Qe8 24. Re7 Qc8 25. Rdd7 Rg8 26. Ne4 b5 27. Nd6 Qxd7 28. Nf7# 1-0


[Site "https://www.chess.com"]

[Event "Titled Tuesday Blitz July 4 Early 2023"]
[White "Lin, Dachey"]
[Black "Rodchenkov, Sergey D."]
[WhiteFideId "2029650"]
[BlackFideId "4168712"]
[WhiteElo "2794"]
[BlackElo "2560"]
[Result "1-0"]
[Round "6"]
[TimeControl "180+2"]
[Date "2023.07.04"]
[WhiteClock "0:00:05"]
[BlackClock "0:00:02"]
[Board "33"]

1. Nc3 c5 2. e4 d6 3. f4 g6 4. Nf3 Bg7 5. Bc4 Nc6 6. O-O e6 7. f5 exf5 8. d3 Nge7 9. Qe1 h6 10. Qh4 Be6 11. Be3 Nd4 12. Bxd4 cxd4 13. Nb5 Bxc4 14. dxc4 O-O 15. Rad1 g5 16. Qe1 fxe4 17. Qxe4 Nc6 18. Nbxd4 Qb6 19. b3 Rae8 20. Qd3 Ne5 21. Qd2 Nxf3+ 22. Rxf3 Re4 23. c3 Rfe8 24. Rf2 Be5 25. Nf5 Bf4 26. Qd4 Re1+ 27. Rxe1 Rxe1+ 28. Rf1 Qxd4+ 29. cxd4 Bxh2+ 30. Kf2 Rxf1+ 31. Kxf1 Kh7 32. g4 Kg6 33. Ne7+ Kg7 34. Kg2 Bf4 35. Kf3 Kf6 36. Ng8+ Kg7 37. Ne7 Kf6 38. Nd5+ Ke6 39. Nxf4+ gxf4 40. Kxf4 b6 41. b4 a5 42. c5 Kd5 43. cxb6 Kc6 44. bxa5 1-0


[Site "https://www.chess.com"]

[Event "Titled Tuesday Blitz July 4 Early 2023"]
[White "Mendonca, Leon Luke"]
[Black "Leebit02"]
[WhiteFideId "35028561"]
[WhiteElo "2792"]
[BlackElo "2546"]
[Result "0-1"]
[Round "6"]
[TimeControl "180+2"]
[Date "2023.07.04"]
[WhiteClock "0:00:00"]
[BlackClock "0:00:12"]
[Board "34"]

1. e4 c5 2. Nf3 e6 3. g3 Nc6 4. Bg2 Nf6 5. Qe2 e5 6. O-O Be7 7. Na3 O-O 8. d3 d6 9. Nc4 Re8 10. c3 h6 11. Ne3 Bf8 12. Nd2 Be6 13. f4 exf4 14. gxf4 d5 15. e5 Nh7 16. Rf2 Rc8 17. Nef1 Qd7 18. Ng3 f5 19. h4 g6 20. h5 g5 21. Nf3 Be7 22. Bd2 g4 23. Nh2 Bh4 24. Nhf1 b5 25. Bh1 d4 26. Rh2 Bd8 27. Rc1 c4 28. Be1 Bb6 29. Bf2 dxc3 30. Rxc3 Nd4 31. Qd2 b4 32. Rc1 c3 33. bxc3 bxc3 34. Rxc3 Ba5 35. Rxc8 Bxd2 36. Rxe8+ Qxe8 37. Nxd2 Qa4 38. Ngf1 Ne2+ 39. Kg2 Bd5+ 40. Ne4 fxe4 41. Ne3 Bc6 42. d4 Qxa2 43. d5 Bxd5 44. f5 Ng5 45. Rh4 Nf4+ 46. Kg3 Nd3 47. Bg1 Nxe5 48. f6 Bf7 0-1


[Site "https://www.chess.com"]

[Event "Titled Tuesday Blitz July 4 Early 2023"]
[White "Harsh Suresh"]
[Black "Glavina, Pablo"]
[WhiteFideId "45018464"]
[BlackFideId "100234"]
[WhiteElo "2785"]
[BlackElo "2400"]
[Result "1-0"]
[Round "6"]
[TimeControl "180+2"]
[Date "2023.07.04"]
[WhiteClock "0:00:14"]
[BlackClock "0:00:00"]
[Board "35"]

1. e4 c6 2. Nf3 d5 3. Nc3 dxe4 4. Nxe4 Nf6 5. Qe2 Na6 6. Nxf6+ gxf6 7. Qe3 Nb4 8. Qb3 e5 9. Bc4 Nd5 10. O-O Rg8 11. d4 e4 12. Re1 f5 13. Ne5 f6 14. Nd3 b5 15. Bxd5 Qxd5 16. Nf4 Qxb3 17. axb3 Bd6 18. f3 Kf7 19. fxe4 fxe4 20. Rxe4 Bf5 21. Re2 a5 22. c3 h5 23. Kf2 Rg4 24. Kf3 h4 25. Bd2 Rag8 26. Rf2 Bxf4 27. Bxf4 Be6 28. g3 Bd5+ 29. Ke3 Re8+ 30. Kd2 Bxb3 31. Rxa5 hxg3 32. hxg3 Bd5 33. Rh2 Rg7 34. Ra7+ Re7 35. Rxe7+ Kxe7 36. Rh8 Ke6 37. Rd8 Kf5 38. Rd6 Re7 39. b3 Bxb3 40. Rxc6 Bc4 41. Rc5+ Kg4 42. d5 Rd7 43. d6 Kf3 44. Rc7 Rd8 45. Re7 Ra8 46. d7 Ra2+ 47. Kc1 Ra8 48. Re8 Ra1+ 49. Kb2 Ra2+ 50. Kb1 Ra6 51. d8=Q 1-0


[Site "https://www.chess.com"]

[Event "Titled Tuesday Blitz July 4 Early 2023"]
[White "Gorovets, Andrey"]
[Black "So, Wesley"]
[WhiteFideId "13504037"]
[BlackFideId "5202213"]
[WhiteElo "2759"]
[BlackElo "3079"]
[Result "0-1"]
[Round "6"]
[TimeControl "180+2"]
[Date "2023.07.04"]
[WhiteClock "0:00:00"]
[BlackClock "0:00:12"]
[Board "36"]

1. Nf3 c5 2. c4 Nc6 3. Nc3 g6 4. e3 Nf6 5. d4 cxd4 6. exd4 d5 7. cxd5 Nxd5 8. Qb3 Nxc3 9. Bc4 Nd5 10. Bxd5 e6 11. Bxc6+ bxc6 12. O-O Qd5 13. Bf4 f6 14. Rac1 g5 15. Bd2 Bd6 16. h3 h5 17. Qxd5 cxd5 18. Ba5 Kd7 19. Rc3 Rb8 20. Rb3 Rxb3 21. axb3 Ba6 22. Ra1 Bb5 23. Bc3 a6 24. Ne1 g4 25. hxg4 hxg4 26. g3 Be2 27. Ng2 Rb8 28. Re1 Bf3 29. Ra1 Be2 30. Re1 Bd3 31. Ne3 f5 32. Rd1 Be2 33. Re1 Bf3 34. Ra1 Rh8 35. Ng2 Be2 36. Re1 Bd3 37. Rd1 Bc2 38. Ra1 Ra8 39. b4 Bd3 40. Ne1 Be2 41. Ng2 Rb8 42. Ra4 Bb5 43. Ra1 Bc4 44. Ra4 Kc6 45. Nf4 Bxf4 46. gxf4 Bd3 47. Ra5 Rh8 48. Kg2 Be4+ 49. Kf1 Bf3 50. Ke1 Kb6 51. Kd2 Rh2 52. Ke3 Be4 53. Ra1 Rh3+ 54. Ke2 Bf3+ 55. Ke3 Bd1+ 56. Kd2 Bb3 57. Rg1 Rf3 58. Ke2 Rxf4 59. Rg3 Bc4+ 60. Ke1 Kc6 61. Re3 Kd7 62. b3 Bb5 63. Bb2 Kd6 64. Bc3 Re4 65. Rxe4 dxe4 66. Bd2 Kd5 67. Be3 e5 68. dxe5 Kxe5 69. Bb6 f4 70. Bc7+ Kf5 71. Bb8 Bd3 72. Bc7 Bc2 73. Bb8 Bxb3 74. Bc7 Ba4 75. Bb8 Bb5 76. Bc7 e3 77. fxe3 fxe3 78. Bb6 Ke4 79. Bc7 Kf3 80. Bb8 g3 81. Bc7 Bc4 82. Bd6 Bd3 83. Be5 Bb5 84. Bd6 Kg4 85. Bc5 Kf4 86. Bd6+ Kf3 87. Bc7 g2 88. Bh2 Ke4 89. Bg1 Kd3 90. Bh2 Bc6 91. Bg1 Bf3 92. Bh2 e2 93. Bg1 Kc4 94. Bf2 Kxb4 95. Kd2 Kc4 96. Ke3 g1=Q 0-1


[Site "https://www.chess.com"]

[Event "Titled Tuesday Blitz July 4 Early 2023"]
[White "Matinian, Nikita"]
[Black "Bluebaum, Matthias"]
[WhiteFideId "24129100"]
[BlackFideId "24651516"]
[WhiteElo "2711"]
[BlackElo "3022"]
[Result "0-1"]
[Round "6"]
[TimeControl "180+2"]
[Date "2023.07.04"]
[WhiteClock "0:00:00"]
[BlackClock "0:01:36"]
[Board "37"]

1. e4 e6 2. d4 d5 3. Nc3 Nf6 4. e5 Nfd7 5. Nce2 c5 6. c3 Nc6 7. f4 Be7 8. Nf3 O-O 9. h4 f6 10. h5 h6 11. Rh3 b5 12. Qd3 cxd4 13. Nexd4 Nc5 14. Qe3 Nxd4 15. Nxd4 fxe5 16. Qxe5 Bf6 17. Qe3 e5 18. Nxb5 Bxh3 19. Qxc5 Bh4+ 20. Kd1 Bg4+ 21. Kc2 Bf5+ 22. Kd1 exf4 23. Nd4 Bg4+ 24. Kc2 Rc8 25. Qxa7 Rf7 26. Qa6 Bf6 27. Nc6 Qd6 28. Bb5 Bf5+ 29. Kd1 Bg4+ 30. Kc2 Qe6 31. Bd2 Bf5+ 32. Kc1 Rfc7 0-1


[Site "https://www.chess.com"]

[Event "Titled Tuesday Blitz July 4 Early 2023"]
[White "Khismatullin, Denis"]
[Black "Timerkhanov, Alexander"]
[WhiteFideId "4142578"]
[BlackFideId "24177938"]
[WhiteElo "2957"]
[BlackElo "2681"]
[Result "1-0"]
[Round "6"]
[TimeControl "180+2"]
[Date "2023.07.04"]
[WhiteClock "0:00:48"]
[BlackClock "0:00:01"]
[Board "38"]

1. d4 d5 2. c4 e6 3. Nc3 h6 4. Bf4 Nf6 5. e3 Bd6 6. Bg3 O-O 7. Nf3 b6 8. cxd5 exd5 9. Bh4 Be7 10. Bd3 a6 11. Rc1 Bb7 12. O-O Ne4 13. Bxe7 Qxe7 14. Qb3 Qd6 15. Bxe4 dxe4 16. Nd2 Re8 17. Nc4 Qe7 18. Rfd1 a5 19. d5 Ba6 20. d6 Bxc4 21. Qxc4 cxd6 22. Nd5 Qg5 23. Nc7 Rc8 24. Qxe4 Ra7 25. Nb5 Rxc1 26. Rxc1 f5 27. Qe8+ Kh7 28. Nxa7 1-0


[Site "https://www.chess.com"]

[Event "Titled Tuesday Blitz July 4 Early 2023"]
[White "Kamalidenova, Meruert"]
[Black "Xiong, Jeffery"]
[WhiteFideId "13712802"]
[BlackFideId "2047640"]
[WhiteElo "2658"]
[BlackElo "2914"]
[Result "0-1"]
[Round "6"]
[TimeControl "180+2"]
[Date "2023.07.04"]
[WhiteClock "0:00:09"]
[BlackClock "0:00:45"]
[Board "39"]

1. d4 d5 2. Nf3 Nf6 3. c4 e6 4. Nc3 dxc4 5. e3 a6 6. Bxc4 b5 7. Bd3 Bb7 8. O-O Nbd7 9. a3 c5 10. Qe2 Bd6 11. h3 O-O 12. b3 cxd4 13. exd4 Rc8 14. Bb2 Qb6 15. Rad1 h6 16. Rfe1 Nd5 17. Nxd5 Bxd5 18. Bb1 Nf6 19. Qd3 Qb7 20. b4 Rc7 21. Rc1 Rfc8 22. Rxc7 Rxc7 23. Bc1 Be4 24. Qb3 Bxf3 25. gxf3 Rc4 26. Qd3 Qd5 27. Bb2 Qg5+ 28. Kh1 Qf4 29. Re5 g6 30. Ba2 Rc8 31. a4 Nd7 32. axb5 axb5 33. Qxb5 Qxf3+ 34. Kg1 Nxe5 35. dxe5 Be7 36. Qa4 Rd8 37. Qc2 Rd1+ 0-1


[Site "https://www.chess.com"]

[Event "Titled Tuesday Blitz July 4 Early 2023"]
[White "Shimanov, Aleksandr"]
[Black "Akhmedinov, Satbek"]
[WhiteFideId "4198603"]
[BlackFideId "13714287"]
[WhiteElo "2914"]
[BlackElo "2656"]
[Result "0-1"]
[Round "6"]
[TimeControl "180+2"]
[Date "2023.07.04"]
[WhiteClock "0:00:00"]
[BlackClock "0:00:18"]
[Board "40"]

1. e4 c5 2. d4 cxd4 3. c3 dxc3 4. Nxc3 Nc6 5. Nf3 d6 6. Be2 Nf6 7. O-O e5 8. Bc4 Be7 9. Bg5 O-O 10. Bxf6 Bxf6 11. h3 a6 12. a3 b5 13. Ba2 Bb7 14. Nd5 Ne7 15. Nc3 g6 16. Qd3 Qb6 17. Rfd1 Rad8 18. Qe2 h6 19. Rd3 Kh7 20. Rad1 Bg7 21. Qd2 f5 22. Rxd6 Rxd6 23. Qxd6 Qxd6 24. Rxd6 fxe4 25. Nd2 Nf5 26. Rd7 Bc8 27. Rc7 e3 28. fxe3 Nxe3 29. Nce4 Nf5 30. Nb3 Be6 31. Nc1 Rc8 32. Rxc8 Bxc8 33. Nd3 Nd4 34. Kf2 Bf8 35. Nxe5 Kg7 36. Ke3 Nf5+ 37. Kd3 Bb7 38. g4 Nd6 39. Nc5 Bg2 40. Ne6+ Kf6 41. Nd7+ Ke7 42. Ndxf8 Bxh3 43. Nxg6+ Kf6 44. Ngf4 Bxg4 45. Nd4 h5 46. Ke3 h4 47. Bd5 Ke5 48. Nc6+ Kf6 49. Nd4 Ke5 50. Nc6+ Kf6 51. Bg2 Nc4+ 52. Kd4 Nxb2 53. Nb4 Nc4 54. a4 Nb6 55. Nfd5+ Nxd5 56. Nxd5+ Kg5 57. a5 h3 58. Bh1 Kh4 59. Ke3 Kg3 60. Nb4 Bc8 61. Ke2 Kh2 62. Bd5 Kg1 63. Ke3 h2 64. Nd3 h1=Q 65. Bxh1 Kxh1 66. Kd4 Kg2 67. Nb4 Kf3 68. Kc5 Ke3 69. Nd5+ Kd3 70. Ne7 Bb7 71. Kb6 b4 72. Kxb7 b3 73. Nc6 b2 74. Kxa6 b1=Q 75. Nd8 Kc4 76. Ka7 Kc5 77. Nb7+ Kc6 78. a6 Qb6+ 79. Kb8 Qxa6 80. Nd8+ Kb6 0-1


[Site "https://www.chess.com"]

[Event "Titled Tuesday Blitz July 4 Early 2023"]
[White "Komov, Roman"]
[Black "Zhigalko, Sergei"]
[WhiteFideId "24175714"]
[BlackFideId "13502956"]
[WhiteElo "2627"]
[BlackElo "2898"]
[Result "1-0"]
[Round "6"]
[TimeControl "180+2"]
[Date "2023.07.04"]
[WhiteClock "0:00:04"]
[BlackClock "0:00:00"]
[Board "41"]

1. e4 c5 2. Nf3 Nc6 3. Bb5 Nf6 4. Nc3 Qc7 5. O-O Nd4 6. h3 a6 7. Bd3 Nxf3+ 8. Qxf3 e6 9. a4 Bd6 10. b3 O-O 11. Bb2 Be5 12. Rae1 Rb8 13. Qe2 h6 14. f4 Bd4+ 15. Kh1 d6 16. e5 Nd7 17. exd6 Qxd6 18. Ne4 Qc6 19. Ba3 b5 20. axb5 axb5 21. c3 Bf6 22. Nxf6+ Nxf6 23. c4 bxc4 24. Bxc4 Bb7 25. d4 Ne4 26. Kh2 Rbd8 27. dxc5 Rd2 28. Qf3 Ng5 29. Qxc6 Bxc6 30. Re2 Ne4 31. Rfe1 f5 32. Bxe6+ Kh8 33. Rxd2 Nxd2 34. Bb2 Re8 35. Bc3 Ne4 36. Bxg7+ Kxg7 37. Bxf5 Kf6 38. Bg4 Rd8 39. Bf3 Kf5 40. Bg4+ Kxf4 41. b4 Rd2 42. Rf1+ Ke3 43. Bf3 Rb2 44. Re1+ Kf4 45. b5 Rxb5 46. Rf1 1-0


[Site "https://www.chess.com"]